 Dungeon Sprint DCSS version 0.17.2-1-ge4368a0 (webtiles) character file.

2778 mopl the Unseen (level 9, -22/49 HPs)
             Began as a Spriggan Assassin on Aug 23, 2016.
             Was a High Priest of Trog.
             Killed from afar by a greater naga (23 damage)
             ... with a bolt of poison
             ... in the Dungeon (Sprint VII: "The Pits").
             The game lasted 00:03:44 (1013 turns).

mopl the Unseen (Spriggan Assassin)                 Turns: 1013, Time: 00:03:45

Health: -22/49     AC:  3    Str:  7    XL:     9   Next: 42%
Magic:  10/10      EV: 14    Int: 13    God:    Trog [*****.]
Gold:   0          SH:  0    Dex: 23    Spells: 0 memorised, 8 levels left

rFire  . . .     SeeInvis +     a - +6 short sword (distort) {!w}
rCold  . . .     Clarity  .     c - +0 robe
rNeg   . . .     SustAt   .     (shield restricted)
rPois  .         Gourm    .     (helmet restricted)
rElec  .         Spirit   .     d - +0 cloak
rCorr  .         Warding  .     (gloves unavailable)
rMut   .         NoTele   +     (boots unavailable)
MR     +....                    (no amulet)
Stlth  ++++++++..               (no ring)
                                u - +3 ring of dexterity

@: lethally poisoned (-22 -> -36), very slightly contaminated, constricted,
invisible (expiring), very quick, somewhat resistant to hostile enchantments,
extraordinarily stealthy
A: unfitting armour, see invisible, herbivore 3, speed 3, slow metabolism 2
a: Berserk, Trog's Hand, Brothers in Arms, Burn Spellbooks, Renounce Religion


You were in the Dungeon.
You worshipped Trog.
Trog was extremely pleased with you.
You were not hungry.

You visited 1 branch

Inventory:

Hand Weapons
 a - a +6 short sword of distortion (weapon) {!w}
 b - a +0 blowgun
 f - a +1 dagger of venom
 s - a +2 rapier of distortion {!w}
 w - the +2 scimitar of Siabb {venom, rF+ MR+}
   (You found it in the Dungeon)

   It poisons the flesh of those it strikes.
   It protects you from fire.
   It affects your resistance to hostile enchantments.
Missiles
 e - 7 poisoned needles
 x - 2 curare-tipped needles
Armour
 c - a +0 robe (worn)
 d - a +0 cloak (worn)
Jewellery
 u - a +3 ring of dexterity (left hand)
Scrolls
 m - a scroll of blinking
 p - 3 scrolls of remove curse
 q - a scroll of summoning
 r - 2 scrolls of vulnerability
Potions
 h - 7 potions of curing
 i - 10 potions of heal wounds
 j - a potion of haste
 k - 4 potions of magic
 l - 5 potions of berserk rage {!q}
 o - a potion of invisibility
 t - 2 potions of cure mutation {!q}
 v - 2 potions of might
Comestibles
 g - 8 bread rations
 n - 40 fruits


   Skills:
 + Level 6.7 Fighting
 + Level 8.8 Short Blades
 * Level 14.2 Throwing
 - Level 1.5 Dodging
 + Level 18.2 Stealth


You had 8 spell levels left.
You didn't know any spells.

Dungeon Overview and Level Annotations

Branches:
Dungeon (1/1)

Altars:
Ashenzari
Cheibriados
Dithmenos
Elyvilon
Fedhas
Gozag
Kikubaaqudgha
Makhleb
Nemelex Xobeh
Okawaru
Qazlal
Ru
Sif Muna
Trog
Vehumet
Xom
Yredelemnul
Zin
The Shining One
Beogh
Jiyva
Lugonu


Innate Abilities, Weirdness & Mutations

You are tiny and cannot use many weapons and most armour.
You have supernaturally acute eyesight.
You are a herbivore.
You cover ground extremely quickly.
You need consume almost no food.


Message History

The greater naga constricts you.
You catch the helpless white draconian completely off-guard!
You spit the white draconian like a pig!!!
Space bends around the white draconian.
The white draconian is heavily wounded.
A chaos spawn comes into view.
Unknown command.
You closely miss the greater naga.
The greater naga hits you with a +3 quarterstaff of crushing.
* * * LOW HITPOINT WARNING * * *
x3 The greater naga constricts you.
The white draconian misses you.
Unknown command.
You hit the greater naga.
Space warps horribly around the greater naga!
The greater naga is moderately wounded.
You flicker for a moment.
The greater naga casts a spell at you. The bolt of poison hits you!
You are lethally poisoned!
You die...

###########
..........+
..........+
#########..# #e#3#
#..# #?#W# #..# #|#e#
#..# #.#N##..#
#)#@#..#
############d##..#
.................#
...........).....#
#####''##########
#########''##########
................##..#
......#..#......##..#
................''..#


You could see a white draconian, a greater naga, an eidolon, a chaos spawn and a
deep elf fighter.

Vanquished Creatures
  A hill giant (D)
  A black mamba (D)
  A deep elf fighter (D)
  A deep elf mage (D)
  A basilisk (D)
  A fire bat (D)
  A steam dragon (D)
  A porcupine (D)
  A black bear (D)
  2 brain worms (D)
  A giant frog (D)
  A quasit (D)
  Crazy Yiuf (D)
  A worker ant (D)
  A mummy (D)
  A river rat (D)
  An adder (D)
  A giant eyeball (D)
  An orc (D)
  A quokka (D)
  A giant cockroach (D)
  A giant cockroach zombie (D)
  A giant newt (D)
  A kobold (D)
  A rat (D)
26 creatures vanquished.

Vanquished Creatures (collateral kills)
  2 deep trolls (D)
  A molten gargoyle (D)
  A soldier ant (D)
  A jelly (D)
5 creatures vanquished.

Grand Total: 31 creatures vanquished

Notes
Turn   | Place    | Note
--------------------------------------------------------------
     0 | D        | mopl the Spriggan Assassin began the quest for the Orb.
     0 | D        | Reached XP level 1. HP: 10/10 MP: 2/2
    11 | D        | Reached skill level 6 in Stealth
    19 | D        | Found a sacrificial altar of Ru.
    19 | D        | Found a basalt altar of Yredelemnul.
    19 | D        | Found a shadowy altar of Dithmenos.
    19 | D        | Found a deep blue altar of Sif Muna.
    19 | D        | Found a burning altar of Makhleb.
    19 | D        | Found a shimmering altar of Xom.
    19 | D        | Found an ancient bone altar of Kikubaaqudgha.
    19 | D        | Found a sparkling altar of Nemelex Xobeh.
    20 | D        | Found a glowing golden altar of the Shining One.
    20 | D        | Found a bloodstained altar of Trog.
    20 | D        | Found a shattered altar of Ashenzari.
    20 | D        | Found a white marble altar of Elyvilon.
    20 | D        | Found a snail-covered altar of Cheibriados.
    20 | D        | Found a blossoming altar of Fedhas.
    20 | D        | Found a radiant altar of Vehumet.
    20 | D        | Found a glowing silver altar of Zin.
    20 | D        | Found a corrupted altar of Lugonu.
    20 | D        | Found a viscous altar of Jiyva.
    20 | D        | Found a roughly hewn altar of Beogh.
    20 | D        | Found an iron altar of Okawaru.
    23 | D        | Became a worshipper of Trog the Wrathful
    26 | D        | Found a stormy altar of Qazlal.
    26 | D        | Found an opulent altar of Gozag.
    58 | D        | Paralysed by a giant eyeball for 2 turns
    69 | D        | Reached skill level 3 in Throwing
    69 | D        | Reached skill level 7 in Stealth
    69 | D        | Reached XP level 2. HP: 12/14 MP: 3/3
    74 | D        | Reached * piety under Trog
    81 | D        | Noticed a quasit
    83 | D        | Reached ** piety under Trog
    83 | D        | Reached skill level 4 in Throwing
    83 | D        | Reached skill level 8 in Stealth
   106 | D        | Killed a quasit
   106 | D        | Reached skill level 5 in Throwing
   106 | D        | Reached skill level 9 in Stealth
   106 | D        | Reached XP level 3. HP: 18/18 MP: 4/4
   189 | D        | Noticed a black bear
   189 | D        | Noticed a worker ant
   195 | D        | Noticed a brain worm
   203 | D        | Killed a worker ant
   203 | D        | Reached *** piety under Trog
   203 | D        | Reached skill level 6 in Throwing
   203 | D        | Reached skill level 10 in Stealth
   203 | D        | Reached XP level 4. HP: 22/22 MP: 5/5
   221 | D        | Killed a black bear
   221 | D        | Reached skill level 7 in Throwing
   221 | D        | Reached skill level 12 in Stealth
   221 | D        | Reached XP level 5. HP: 12/25 MP: 6/6
   223 | D        | Reached skill level 8 in Throwing
   400 | D        | Reached skill level 13 in Stealth
   401 | D        | Noticed a porcupine
   404 | D        | Killed a porcupine
   404 | D        | Reached **** piety under Trog
   404 | D        | Reached skill level 9 in Throwing
   404 | D        | Reached skill level 14 in Stealth
   404 | D        | Reached XP level 6. HP: 18/30 MP: 7/7
   435 | D        | Killed a brain worm
   435 | D        | Reached skill level 15 in Stealth
   584 | D        | Noticed Crazy Yiuf
   610 | D        | Killed Crazy Yiuf
   610 | D        | Reached skill level 10 in Throwing
   636 | D        | Noticed a steam dragon
   638 | D        | Killed a steam dragon
   638 | D        | Reached skill level 2 in Fighting
   638 | D        | Reached skill level 3 in Short Blades
   638 | D        | Reached XP level 7. HP: 32/35 MP: 8/8
   641 | D        | Noticed a giant frog
   641 | D        | Noticed a brain worm
   641 | D        | Noticed a fire bat
   643 | D        | Killed a fire bat
   643 | D        | Reached ***** piety under Trog
   643 | D        | Reached skill level 3 in Fighting
   643 | D        | Reached skill level 4 in Short Blades
   643 | D        | Reached skill level 11 in Throwing
   647 | D        | Killed a brain worm
   647 | D        | Reached skill level 16 in Stealth
   648 | D        | Killed a giant frog
   648 | D        | Reached skill level 5 in Short Blades
   651 | D        | Noticed a soldier ant
   651 | D        | Noticed a molten gargoyle
   652 | D        | Noticed a jelly
   662 | D        | Killed a molten gargoyle
   662 | D        | Reached skill level 4 in Fighting
   668 | D        | Killed a jelly
   674 | D        | Killed a soldier ant
   674 | D        | Reached XP level 8. HP: 35/42 MP: 9/9
   712 | D        | Got the +2 scimitar of Siabb {venom, rF+ MR+}
   779 | D        | Noticed a deep troll
   779 | D        | Noticed a deep troll
   800 | D        | Killed a deep troll
   800 | D        | Reached skill level 6 in Short Blades
   800 | D        | Reached skill level 12 in Throwing
   807 | D        | Killed a deep troll
   807 | D        | Received a gift from Trog
   807 | D        | Reached skill level 5 in Fighting
   807 | D        | Reached skill level 7 in Short Blades
   807 | D        | Reached skill level 17 in Stealth
   991 | D        | Noticed a hill giant
   992 | D        | Noticed an eidolon
   992 | D        | Noticed a deep elf priest
   992 | D        | Noticed a deep elf mage
   992 | D        | Noticed a white draconian
   992 | D        | Noticed a black mamba
   993 | D        | Killed a black mamba
   993 | D        | Reached skill level 13 in Throwing
   994 | D        | Noticed a deep elf fighter
   996 | D        | Killed a deep elf mage
   996 | D        | Reached XP level 9. HP: 32/48 MP: 10/10
  1001 | D        | Killed a hill giant
  1001 | D        | Reached skill level 6 in Fighting
  1001 | D        | Reached skill level 8 in Short Blades
  1001 | D        | Reached skill level 18 in Stealth
  1002 | D        | Noticed a basilisk
  1006 | D        | Killed a basilisk
  1006 | D        | Reached skill level 14 in Throwing
  1007 | D        | Noticed an efreet
  1007 | D        | Noticed a deep elf fighter
  1007 | D        | Noticed a greater naga
  1009 | D        | Killed a deep elf fighter
  1009 | D        | Received a gift from Trog
  1012 | D        | Noticed a chaos spawn
  1012 | D        | HP: 1/49 [greater naga/+3 quarterstaff of crushing (4)]
  1013 | D        | Killed from afar by a greater naga

Action                   |  1- 3 |  4- 6 |  7- 9 || total
-------------------------+-------+-------+-------++-------
Melee: Dagger            |    20 |    14 |     5 ||    39
       Short sword       |       |       |    17 ||    17
 Fire: Blowgun           |       |     9 |     2 ||    11
Invok: Berserk           |     1 |       |       ||     1
       Brothers in Arms  |       |       |     2 ||     2
  Use: Potion            |       |       |     1 ||     1
 Stab: Sleeping          |     4 |     3 |     5 ||    12
       Invisible         |       |       |     5 ||     5
